 Dungeon Crawl Stone Soup version 0.22.1-1-ga44c0e5 (webtiles) character file.

87 Anon1729 the Charlatan (level 4, -1/32 HPs)
             Began as a Formicid Artificer on Nov 2, 2018.
             Slain by a gnoll (2 damage)
             ... on level 2 of the Dungeon.
             The game lasted 00:01:34 (2204 turns).

Anon1729 the Charlatan (Formicid Artificer)         Turns: 2204, Time: 00:01:35

Health: -1/32      AC:  3    Str: 18    XL:     4   Next: 80%
Magic:  7/7        EV:  6    Int: 10    God:
Gold:   129        SH:  0    Dex: 11    Spells: 3/3 levels left

rFire    . . .     SeeInvis +   g - +2 dagger (elec)
rCold    . . .     Gourm    .   (no shield)
rNeg     . . .     Faith    .   b - +0 leather armour
rPois    .         Spirit   .   (helmet unavailable)
rElec    .         Reflect  .   (no cloak)
rCorr    .         Harm     .   (no gloves)
MR       .....                  (no boots)
Stlth    +.........             (no amulet)
HPRegen  0.10/turn              (no ring)
MPRegen  0.10/turn              (no ring)

@: held
A: permanent stasis, dig shafts and tunnels, four strong arms, antennae 3
a: Dig, Shaft Self


You were on level 2 of the Dungeon.
You were not hungry.

You visited 1 branch of the dungeon, and saw 2 of its levels.

You collected 129 gold pieces.

Inventory:

Hand Weapons
 a - a +0 short sword
 g - a +2 dagger of electrocution (weapon)
Armour
 b - a +0 leather armour (worn)
Jewellery
 o - an uncursed ring of see invisible {unknown}
Wands
 c - a wand of flame (13)
 d - a wand of enslavement (15)
 e - a wand of random effects (15)
Scrolls
 h - 3 scrolls of identify {unknown}
 i - 2 scrolls of immolation {unknown}
 l - a scroll of remove curse
 r - a scroll of magic mapping {unknown}
Potions
 k - a potion of resistance {unknown}
 m - a potion of curing {unknown}
 n - 2 potions of haste {unknown}
 p - a potion of ambrosia {unknown}
 q - a potion of flight {unknown}
Comestibles
 f - 2 rations


   Skills:
 + Level 1.3 Fighting
 + Level 2.0 Short Blades
 + Level 1.8 Armour
 + Level 2.0 Dodging
 + Level 1.4 Stealth
 + Level 4.4 Evocations


You had 3 spell levels left.
You didn't know any spells.
Your spell library was empty.

Dungeon Overview and Level Annotations

Branches:
Dungeon (2/15)

Altars:
Ashenzari
Uskayaw

Annotations:
D:2 Robin


Innate Abilities, Weirdness & Mutations

You cannot be hasted, slowed, berserked, paralysed or teleported.
You can dig through walls and to a lower floor.
Your four strong arms can wield two-handed weapons with a shield.
You have a pair of large antennae on your head. (SInv)


Message History

The gnoll is lightly wounded.
The gnoll hits you!
A gnoll comes into view. It is wielding a flail.
The goblin barely misses you. x2; The goblin hits you with a dagger.
Unknown command.
The gnoll throws a throwing net.
The throwing net hits you.
You become entangled in the net!
The goblin hits you but does no damage. The goblin hits you with a dagger.
You see here a throwing net.
You struggle against the net.
A goblin comes into view. It is wielding a club.
The goblin hits you.
* * * LOW HITPOINT WARNING * * *
The goblin hits you with a dagger of speed!
* * * LOW HITPOINT WARNING * * *
The goblin closely misses you.
As you read the scroll labeled PAIMAU POLI, it crumbles to dust.
You feel blessed for a moment.
It was a scroll of remove curse.
The gnoll hits you.
You die...

#.#.# #.#.# #.#.# #.#.#
#.#.##### #.#.....#
#.#.....# #####
#.#.....#######gg.#####.
#.#............@ggggg...
#.##....#######.g.##g.g.
#.########## #.g.# { g
#..........# #...#
##...#####.## #...#
#...# #...# #...# #####
#...# #...# #...# #####
#.).#


You could see Robin, a gnoll, 2 hobgoblins and 7 goblins.

Vanquished Creatures
  Terence (D:2)
  A gnoll (D:2)
  An adder (D:2)
  A worm (D:2)
  A dart slug (D:1)
  A ball python (D:2)
  2 bats (D:1)
  5 giant cockroaches
  4 hobgoblins (D:1)
  2 jackals (D:1)
  6 kobolds
  2 frilled lizards
  4 goblins
  6 rats
37 creatures vanquished.

Notes
Turn   | Place    | Note
-------+----------+-------------------------------------------
     0 | D:1      | Anon1729 the Formicid Artificer began the quest for the
                  | Orb.
     0 | D:1      | Reached XP level 1. HP: 15/15 MP: 3/3
   568 | D:1      | Reached XP level 2. HP: 21/21 MP: 4/4
   614 | D:1      | Reached skill level 4 in Evocations
   698 | D:1      | Reached XP level 3. HP: 15/26 MP: 6/6
  1487 | D:2      | Reached skill level 1 in Armour
  1594 | D:2      | Found a shattered altar of Ashenzari.
  1594 | D:2      | Found a hide-covered altar of Uskayaw.
  1917 | D:2      | Noticed Terence
  1924 | D:2      | Killed Terence
  1924 | D:2      | Reached XP level 4. HP: 22/32 MP: 7/7
  2195 | D:2      | Noticed Robin
  2203 | D:2      | HP: 1/32 [goblin/dagger of speed[Robin] (8)]
  2204 | D:2      | Slain by a gnoll

Skill      XL: |  1  2  3  4 |
---------------+-------------+-----
Evocations     | 4 |  4.4
Armour         | 1 |  1.8
Dodging        | 2 |  2.0
Short Blades   | 2 |  2.0
Fighting       | |  1.3
Stealth        | |  1.4

Action                   |  1- 3 |  4- 6 || total
-------------------------+-------+-------++-------
Melee: Short sword       |    10 |       ||    10
       Dagger            |    84 |    22 ||   106
Evoke: Wand              |     2 |       ||     2
  Use: Scroll            |       |     1 ||     1
  Eat: Chunk             |     3 |     1 ||     4
Armor: Leather armour    |    12 |     7 ||    19
Dodge: Dodged            |    58 |    15 ||    73
